 Dungeon Crawl Stone Soup version 0.21-a0-531-gacddea6 (webtiles) character file.

19 tnowlan the Grasshopper (level 2, -2/22 HPs)
             Began as a Human Warper on Dec 12, 2017.
             Slain by a leopard gecko (5 damage)
             ... on level 2 of the Dungeon.
             The game lasted 00:05:21 (841 turns).

tnowlan the Grasshopper (Human Warper)               Turns: 841, Time: 00:05:21

Health: -2/22      AC:  3    Str: 11    XL:     2   Next: 95%
Magic:  5/5        EV: 12    Int: 13    God:
Gold:   63         SH:  0    Dex: 12    Spells: 1/5 levels left

rFire    . . .     SeeInvis .   a - +0 spear
rCold    . . .     Gourm    .   (no shield)
rNeg     . . .     Faith    .   b - +0 leather armour
rPois    .         Spirit   .   (no helmet)
rElec    .         Reflect  .   (no cloak)
rCorr    .         Harm     .   (no gloves)
MR       .....                  (no boots)
Stlth    +.........             (no amulet)
HPRegen  0.07/turn              (no ring)
MPRegen  0.09/turn              (no ring)

@: no status effects
A: no striking features
a: no special abilities


You were on level 2 of the Dungeon.
You were not hungry.

You visited 1 branch of the dungeon, and saw 2 of its levels.

You collected 63 gold pieces.

Inventory:

Hand Weapons
 a - a +0 spear (weapon)
Missiles
 e - 5 tomahawks of dispersal (quivered)
 k - 29 poisoned needles
Armour
 b - a +0 leather armour (worn)
Scrolls
 d - a scroll of blinking
 i - a scroll of fear
 l - a scroll of remove curse {unknown}
Potions
 g - a potion of brilliance
Books
 c - a book of Spatial Translocations

   Spells                             Type                      Level
   a - Blink                          Translocation                2
   b - Shroud of Golubria             Charms/Translocation         2
   c - Lesser Beckoning               Translocation                3
   d - Gell's Gravitas                Translocation                3
   e - Teleport Other                 Translocation                3
   f - Passage of Golubria            Translocation                4
Comestibles
 f - 2 bread rations
 h - 2 meat rations


   Skills:
 + Level 2.0 Fighting
 + Level 2.3 Polearms
 + Level 1.1 Throwing
 + Level 1.0 Armour
 + Level 2.3 Dodging
 + Level 2.2 Spellcasting
 + Level 3.1 Translocations


You had one spell level left.
You knew the following spells:

 Your Spells              Type           Power        Failure   Level  Hunger
a - Shroud of Golubria    Chrm/Tloc      #.........   26%         2    ###....
b - Blink                 Tloc           N/A          14%         2    ###....


Dungeon Overview and Level Annotations

Branches:
Dungeon (2/15)

Altars:


Message History

A leopard gecko comes into view.
The hobgoblin shouts!
Found 6 gold pieces.
The leopard gecko closely misses you. The leopard gecko bites you.
You hit the hobgoblin.
The hobgoblin is heavily wounded.
The leopard gecko bites you. The hobgoblin hits you with a club.
* * * LOW HITPOINT WARNING * * *
You closely miss the hobgoblin.
The hobgoblin is heavily wounded.
The leopard gecko barely misses you.
You hit the hobgoblin.
The hobgoblin is almost dead.
The hobgoblin hits you with a club.
* * * LOW HITPOINT WARNING * * *
The leopard gecko misses you.
The hobgoblin hits you but does no damage.
The leopard gecko closely misses you. The leopard gecko bites you.
You die...

.. .. .# ..# .#
$... .##.#.#
...... ##..#.#
#######....#
#....@lg#.#.#.#
#.#####........
#.# ##.#..###
#.# ...## #.#
.### #.# .# #.#
.. #.# ## #.#


You could see a leopard gecko and a hobgoblin.

Vanquished Creatures
  A worm (D:2)
  2 bats (D:1)
  A giant cockroach (D:1)
  3 goblins (D:1)
  6 kobolds (D:1)
  3 rats (D:1)
16 creatures vanquished.

Notes
Turn   | Place    | Note
-------+----------+-------------------------------------------
     0 | D:1      | tnowlan the Human Warper began the quest for the Orb.
     0 | D:1      | Reached XP level 1. HP: 16/16 MP: 3/3
   153 | D:1      | Reached XP level 2. HP: 13/22 MP: 5/5
   158 | D:1      | Learned a level 2 spell: Shroud of Golubria
   161 | D:1      | Learned a level 2 spell: Blink
   841 | D:2      | Slain by a leopard gecko

Vault maps used:
D:1:      evilmike_arrival_plus
D:2:      lemuel_crystal_altar, vehumet_crystals, grunt_ministairs_4,
          hangedman_decor_riveting

Action                   || total
-------------------------++-------
Melee: Spear             ||    76
  Use: Scroll            ||     2
       Potion            ||     2
Armor: Leather armour    ||    16
Dodge: Dodged            ||    47

Table legend:
 A = Spawn XP
 B = Non-spawn XP
 C = Spawn XP percentage of total XP
 D = Spawn monster count
 E = Non-spawn monster count
 F = Spawn count percentage of total count
 G = Total turns spent on level
                    A         B        C        D         E        F      G
               +---------+---------+-------+---------+---------+-------+---------
         Total |       0 |      28 |   0.0 |       0 |      16 |   0.0 |   841
               +---------+---------+-------+---------+---------+-------+---------
           D:1 |       0 |      23 |   0.0 |       0 |      15 |   0.0 |   794
           D:2 |       0 |       5 |   0.0 |       0 |       1 |   0.0 |    47
               +---------+---------+-------+---------+---------+-------+---------
